 Dungeon Crawl Stone Soup version 0.27.0-1-g7a089689b8 (webtiles) character file.

Game seed: 8663289365851218002

43 HaiZhung the Slasher (level 3, -4/31 HPs)
             Began as a Palentonga Berserker on Aug 15, 2021.
             Was a Follower of Trog.
             Slain by a gnoll (6 damage)
             ... on level 2 of the Dungeon.
             The game lasted 00:09:48 (1228 turns).

HaiZhung the Slasher (Palentonga Berserker)         Turns: 1228, Time: 00:09:49

Health: -4/31      AC:  5    Str: 21    XL:     3   Next: 37%
Magic:  3/3        EV:  5    Int:  7    God:    Trog [*.....]
Gold:   78         SH:  0    Dex:  9    Spells: 2/2 levels left

rFire    . . .     SeeInvis +   a - +0 falchion
rCold    . . .     Faith    .   (no shield)
rNeg     . . .     Spirit   .   d - +0 robe
rPois    .         Reflect  .   g - +0 helmet
rElec    .         Harm     .   (no cloak)
rCorr    .         Rampage  .   (no gloves)
Will     .....                  (no barding)
Stlth    +.........             (no amulet)
HPRegen  0.10/turn              (no ring)
MPRegen  0.08/turn              (no ring)

@: held
A: large, rugged brown scales 3, see invisible, deformed body, roll 1, armoured
tail
a: Rolling Charge, Renounce Religion, Berserk


You were on level 2 of the Dungeon.
You worshipped Trog.
Trog was aware of your devotion.
You visited 1 branch of the dungeon, and saw 2 of its levels.

You collected 78 gold pieces.

Inventory:

Hand Weapons
 a - a +0 falchion (weapon)
Missiles
 c - 6 boomerangs (quivered)
Armour
 b - a +0 animal skin
 d - a +0 robe (worn)
 g - a +0 helmet (worn)
 j - a +0 leather armour
Scrolls
 f - a scroll of fear {unknown}
 i - a scroll of summoning {unknown}
 k - a scroll of teleportation {unknown}
 l - a scroll of identify {unknown}
 m - a scroll of fog {unknown}
Potions
 e - a potion of flight {unknown}
 h - a potion of curing {unknown}


   Skills:
 - Level 3.0 Fighting
 + Level 4.5 Long Blades
 - Level 1.5 Armour
 - Level 1.5 Dodging


You had 2 spell levels left.
You didn't know any spells.
Your spell library was empty.

Dungeon Overview and Level Annotations

Branches:
Dungeon (2/15)

Altars:

Shops:
D:1 *(


Innate Abilities, Weirdness & Mutations

You are completely covered in rugged brown scales. (AC +3, +7% HP)
You have supernaturally acute eyesight. (SInv)
Armour fits poorly on your strangely shaped body.
You can roll at nearby foes to attack.
You have a long armoured tail.


Message History

You throw a boomerang.
The boomerang hits the gnoll but does no damage.
You hear a shout!
A gnoll comes into view. It is wielding a +0 spear.
The gnoll moves out of view.
Roll where?
Press: ? - help, Dir - move target, f/p - gnoll
Aim: a gnoll, wielding a +0 halberd You roll forward with a clatter of scales!
A gnoll comes into view. It is wielding a +0 whip of venom.
The gnoll shouts!
You slash the gnoll!
The gnoll is severely wounded.
You hear an angry hiss. x2
The gnoll hits you with a +0 halberd.
You hit the gnoll but do no damage.
The gnoll is severely wounded.
The gnoll hits you with a +0 halberd! The gnoll hits you but does no damage.
A gnoll comes into view. It is wielding a +0 club.
The gnoll closely misses you.
You closely miss the gnoll. The gnoll hits you with a +0 spear.
The gnoll closely misses you.
You hit the gnoll but do no damage. You tail-slap the gnoll.
The gnoll is lightly wounded.
The gnoll hits you from afar with a +0 halberd!
* * * LOW HITPOINT WARNING * * *
The gnoll hits you with a +0 spear.
* * * LOW HITPOINT WARNING * * *
An adder comes into view.
The gnoll barely misses you.
The gnoll throws a throwing net.
The throwing net hits you.
You become entangled in the net!
You see here a throwing net.
You struggle against the net.
The gnoll hits you from afar with a +0 spear!
* * * LOW HITPOINT WARNING * * *
You struggle against the net.
The gnoll hits you from afar with a +0 spear.
You die...

...#
#.....#
#.....#
#.....#
#.....#
####..#
##.##
####..###
#.......#
#....@..#
#..(....#
#.....gg#
#######.##
#gS# ##g##
#..# ##.#
#........#


You could see 4 gnolls and an adder.

Vanquished Creatures
  Natasha (D:2)
  An orc (D:2)
  A bat (D:1)
  2 endoplasms
  2 giant cockroaches (D:1)
  2 goblins (D:2)
  2 quokkas (D:1)
  2 ball pythons
  2 frilled lizards (D:1)
  2 kobolds
  3 rats
20 creatures vanquished.

Notes
Turn   | Place    | Note
-------+----------+-------------------------------------------
     0 | D:1      | HaiZhung the Palentonga Berserker began the quest for the
                  | Orb.
     0 | D:1      | Reached XP level 1. HP: 19/19 MP: 1/1
   134 | D:1      | Found Syzat's Assorted Antiques.
   554 | D:1      | Reached XP level 2. HP: 25/25 MP: 2/2
   556 | D:1      | Found Uhecweat's Antique Weapon Shop.
  1134 | D:2      | Noticed Natasha
  1138 | D:2      | Killed Natasha
  1139 | D:2      | Reached skill level 4 in Long Blades
  1139 | D:2      | Reached XP level 3. HP: 31/31 MP: 3/3
  1228 | D:2      | Slain by a gnoll

Illustrated notes

Levels and vault maps discovered:
D:1:      dpeg_arrival_brainrot, layout_basic, serial_shops,
          nicolae_shop_waterfront, nicolae_shop_waterfront, minmay_surrounded
D:2:      layout_basic, uniq_natasha

Skill      XL: |  1  2 |
---------------+-------+-----
Long Blades    | 4 |  4.5
Fighting       | |  3.0
Armour         | |  1.5
Dodging        | |  1.5

Action                   || total
-------------------------++-------
Melee: Falchion          ||    58
       Tailslap          ||     7
Throw: Boomerang         ||    15
Invok: Berserk           ||     1
 Abil: Rolling Charge    ||    11
Armor: Animal skin       ||     5
       Robe              ||    14
Dodge: Dodged            ||    20
       Rpst.: Falchion   ||     4
